Map: Dusk Towers

Players

FigHteR

  • Race: Terran Terran
  • League: Diamond

PocariSweat

  • Race: Terran Terran
  • League: Silver

IlIlIlIlIlIl

  • Race: Terran Terran

CMStormPolt (Polt)

  • Race: Terran Terran
  • League: Master

VOD

Have the link to the VOD?

Description

Time

  • Played on: Dec. 20, 2015, 3:13 a.m.
  • Length: 22:28
Show
View Real Time Build Order
Export as new Build Order

FigHteR Terran 

Build Orders: 1/1/1, Bio Tank, Banshee Rush 

Get SALT Encoding   

  12  0:01  SCV  
  13  0:13  SCV  
  14  0:17  Supply Depot  
  14  0:25  Refinery  
  14  0:27  SCV  
  15  0:39  SCV  
  16  0:45  Barracks  
  16  0:51  SCV  
  16  0:57  Refinery  
  17  1:03  SCV  
  18  1:16  SCV  
  19  1:32  Factory  
  20  1:33  Reaper  
  20  1:36  Orbital Command  
  20  1:45  Supply Depot  
  20  2:01  SCV  
  20  2:05  Reaper  
  22  2:17  Hellion, Starport  
  22  2:19  SCV  
  25  2:29  Supply Depot  
  25  2:31  SCV  
  26  2:42  Reaper  
  26  2:49  SCV  
  26  2:51  Hellion  
  29  2:55  Starport Tech Lab  
  29  3:02  SCV  
  30  3:13  Factory Tech Lab, Cloaking Field, Banshee  
  30  3:17  SCV  
  34  3:23  Supply Depot  
  35  3:29  Marine  
  35  3:32  Cyclone  
  38  3:44  Command Center  
  38  3:48  Marine  
  38  3:50  SCV  
  40  4:05  Raven  
  40  4:06  Marine  
  40  4:07  SCV  
  44  4:15  Supply Depot  
  44  4:19  SCV  
  45  4:24  Marine  
  45  4:31  SCV  
  47  4:34  Barracks  
  47  4:36  Barracks  
  46  4:42  Marine  
  46  4:55  SCV  
  50  5:02  Viking  
  50  5:04  Barracks Tech Lab  
  50  5:06  Siege Tank  
  52  5:07  SCV  
  50  5:19  SCV  
  50  5:20  Supply Depot  
  51  5:23  Stimpack  
  51  5:24  Marine  
  51  5:26  Marine  
  53  5:30  Marine  
  54  5:37  Orbital Command  
  55  5:42  SCV  
  55  5:45  Marine x2  
  55  5:49  Medivac  
  59  5:55  Siege Tank  
  62  5:59  SCV  
  63  6:09  SCV, Engineering Bay  
  63  6:11  SCV, Marine  
  66  6:12  Marine  
  66  6:14  Marine  
  68  6:21  SCV  
  68  6:22  Medivac  
  71  6:26  SCV  
  71  6:30  Refinery  
  72  6:33  SCV, Marine x2  
  72  6:35  Siege Tank  
  72  6:38  SCV  
  79  6:45  SCV  
  80  6:47  Terran Infantry Weapons Level 1  
  80  6:50  SCV, Marine  
  80  6:51  Marine x2  
  84  6:57  SCV  
  85  7:02  SCV  
  85  7:08  Command Center  
  86  7:14  Marine x3  
  86  7:15  Supply Depot  
  89  7:16  SCV, Supply Depot  
  89  7:19  SCV, Refinery  
  91  7:24  Missile Turret  
  91  7:28  SCV  
  92  7:37  Supply Depot, Siege Tank  
  95  7:38  Barracks Reactor  
  95  7:39  Barracks Reactor  
  95  7:40  Combat Shields  
  95  7:41  Marine  
  95  7:43  SCV  
  89  7:56  Medivac  
  89  7:58  SCV x2  
  81  7:59  Marine  
  82  8:07  Armory  
  82  8:10  SCV x2  
  84  8:16  Siege Tank  
  84  8:17  Marine  
  88  8:22  SCV  
  88  8:26  Marine x2  
  91  8:35  Marine  
  91  8:36  Barracks  
  91  8:37  Barracks  
  91  8:38  Refinery  
  91  8:39  SCV x2  
  91  8:41  Refinery  
  94  8:42  Engineering Bay  
  94  8:45  Sensor Tower  
  94  8:49  Orbital Command  
  94  8:53  Siege Tank, Marine  
  94  8:54  Marine x3  
  101  8:57  Medivac  
  101  8:59  Medivac  
  101  9:01  SCV x2  
  106  9:10  Sensor Tower  
  106  9:11  Marine  
  106  9:13  SCV  
  106  9:15  Terran Infantry Armor Level 1  
  108  9:19  Marine x2  
  108  9:20  Marine  
  111  9:27  SCV  
  111  9:28  SCV, Marine  
  111  9:30  Terran Infantry Weapons Level 2  
  113  9:35  Medivac x2  
  113  9:37  Marine x4  
  113  9:38  Marine  
  110  9:45  SCV  
  112  9:46  Marine  
  112  9:47  Terran Vehicle Weapons Level 1  
  112  9:48  SCV x2  
  112  9:52  Siege Tank  
  114  10:03  Marine  
  114  10:04  Marine x5  
  112  10:08  SCV  
  112  10:11  SCV x2  
  100  10:17  Factory  
  90  10:21  Marine x2  
  90  10:22  SCV, Marine x2  
  90  10:24  Siege Tank  
  99  10:30  SCV  
  99  10:32  Barracks Reactor  
  99  10:33  Barracks Reactor  
  99  10:35  Missile Turret, Medivac x2  
  102  10:37  Missile Turret  
  102  10:39  Marine x2  
  102  10:40  Marine x2  
  100  10:57  Marine  
  100  10:59  Marine x2  
  100  11:00  Marine  
  100  11:04  SCV x2  
  106  11:11  Medivac x2  
  106  11:14  Marine x2  
  106  11:15  Marine  
  106  11:17  Marine  
  114  11:20  Command Center  
  114  11:22  Terran Infantry Armor Level 2  
  114  11:27  Factory Tech Lab  
  114  11:32  Marine x6  
  117  11:33  Marine  
  117  11:35  Marine  
  117  11:36  Siege Tank  
  123  11:40  SCV  
  123  11:45  Supply Depot  
  127  11:47  Siege Tank  
  127  11:49  Marine  
  127  11:50  Terran Infantry Weapons Level 3  
  128  11:57  SCV x2  
  128  11:59  Viking x2  
  134  12:07  Command Center, Marine  
  134  12:08  Siege Tank, Marine x2  
  137  12:09  Marine  
  137  12:10  Marine x2  
  137  12:11  Marine  
  137  12:14  Terran Vehicle Weapons Level 2  
  144  12:16  SCV  
  144  12:17  SCV  
  144  12:18  SCV  
  147  12:29  Siege Tank  
  141  12:37  Planetary Fortress  
  141  12:41  Marine x3  
  144  12:46  Marine x3  
  144  12:48  Marine x2  
  149  12:54  Barracks  
  149  12:56  Viking  
  150  12:59  Viking, Marine  
  150  13:01  SCV x2, Siege Tank  
  149  13:10  SCV  
  150  13:13  SCV x2  
  150  13:14  SCV  
  150  13:17  Siege Tank  
  150  13:21  Marine x3  
  150  13:25  SCV  
  150  13:26  Viking, Marine x2  
  150  13:27  Missile Turret, Marine  
  153  13:28  Marine  
  153  13:30  Marine  
  153  13:32  SCV  
  153  13:33  Siege Tank  
  160  13:45  Viking  
  160  13:47  SCV  
  158  13:49  Marine x4  
  158  13:50  Marine  
  158  13:55  Marine x3  
  134  13:56  Viking  
  134  14:05  Barracks Reactor  
  134  14:06  Siege Tank  
  134  14:07  Marine  
  134  14:09  SCV  
  138  14:12  Marine x2  
  138  14:16  Barracks  
  140  14:17  Barracks  
  140  14:19  Marine x3  
  140  14:23  Marine  
  140  14:24  Starport, Marine  
  145  14:25  Marine  
  145  14:28  SCV  
  145  14:29  Marine x2  
  145  14:31  Missile Turret  
  149  14:32  Viking  
  149  14:37  Marine  
  154  14:40  Marine x2  
  154  14:45  Marine x2  
  156  14:48  Viking  
  156  14:49  Marine  
  156  14:50  Marine x2  
  156  14:51  Marine  
  153  14:56  SCV  
  143  15:00  Marine x3  
  143  15:03  Marine x2  
  143  15:06  SCV  
  149  15:07  Starport Reactor, Marine  
  150  15:14  Missile Turret  
  150  15:19  Missile Turret  
  150  15:20  Missile Turret  
  149  15:28  Missile Turret  
  149  15:29  Supply Depot  
  149  15:30  Missile Turret  
  149  15:33  Supply Depot  
  149  15:34  Missile Turret  
  149  15:35  Marine  
  149  15:37  Marine  
  149  15:38  Siege Tank, Marine x2  
  149  15:39  Terran Infantry Armor Level 3  
  149  15:42  Marine x2  
  156  15:50  Marine  
  156  15:51  Siege Tank, Marine x2  
  156  15:53  Marine  
  156  15:55  Marine x2  
  156  15:56  Marine  
  165  16:00  Marine x2  
  165  16:04  Starport Reactor  
  165  16:08  Marine x2  
  165  16:09  Marine  
  165  16:11  Terran Vehicle Weapons Level 3, Marine  
  166  16:13  SCV  
  166  16:18  Command Center  
  168  16:20  Marine x4  
  168  16:23  Starport Reactor  
  172  16:31  Supply Depot x2  
  172  16:32  Supply Depot  
  172  16:34  Medivac  
  172  16:41  Marine x2  
  172  16:42  Medivac, Marine x2  
  172  16:49  Supply Depot  
  172  16:50  Supply Depot  
  172  16:51  Supply Depot  
  172  16:52  Marine x7  
  172  16:53  Siege Tank  
  185  16:54  Siege Tank  
  185  16:59  Marine x2  
  185  17:00  Marine  
  164  17:07  Medivac x2  
  163  17:13  Marine x3  
  163  17:17  Barracks Reactor  
  163  17:24  Factory, Marine  
  163  17:25  Marine x2  
  163  17:26  Marine  
  167  17:33  Viking x2  
  167  17:40  Planetary Fortress  
  167  17:43  SCV  
  168  17:45  Marine x2  
  168  17:46  Marine x3  
  168  17:50  Viking  
  173  18:00  Marine x6  
  173  18:03  Viking  
  173  18:05  Viking  
  177  18:10  Marine x2  
  177  18:11  Marine x3  
  175  18:26  Viking  
  166  18:31  Fusion Core  
  166  18:33  Command Center, Factory Tech Lab  
  158  18:36  Siege Tank  
  158  18:37  Siege Tank  
  162  18:44  Viking x2  
  166  18:49  Marine x4  
  166  18:50  Marine  
  166  18:51  Marine  
  166  18:52  Marine  
  166  18:55  Terran Vehicle And Ship Armor Level 1  
  170  18:59  Marine x2  
  154  19:04  Viking  
  154  19:05  Viking  
  158  19:11  Refinery  
  158  19:12  Siege Tank, Refinery  
  158  19:16  Siege Tank  
  163  19:20  Siege Tank  
  163  19:22  Marine x2  
  163  19:23  Marine  
  120  19:24  Marine  
  120  19:27  Marine x2  
  120  19:28  Marine  
  117  19:32  Marine x4  
  117  19:35  Medivac  
  123  19:49  Siege Tank x2  
  123  19:52  Siege Tank  
  132  19:53  Marine x4  
  136  20:01  Marine  
  136  20:02  Marine x3  
  140  20:09  Marine x2  
  140  20:10  Marine x2  
  144  20:20  Widow Mine  
  144  20:21  Siege Tank  
  125  20:23  Viking x3  
  125  20:25  Marine  
  125  20:27  SCV  
  108  20:28  Marine  
  108  20:30  Marine  
  108  20:31  Marine  
  111  20:39  Marine  
  111  20:40  Marine x4  
  111  20:42  Marine  
  107  20:43  Marine  
  107  20:47  Marine x3  
  103  20:58  Siege Tank  
  106  21:08  Siege Tank x2  
  106  21:17  Marine x3  
  100  21:30  Marine  
  100  21:31  Orbital Command, Marine x3  
  104  21:35  Medivac  
  100  21:41  Medivac  
  98  21:50  Marine  
  80  22:03  SCV  
  81  22:16  SCV  
Show
View Real Time Build Order
Export as new Build Order

PocariSweat Terran 

Build Orders: 1/1/1, Bio Tank, Banshee Rush 

Get SALT Encoding   

  12  0:00  SCV  
  13  0:13  SCV  
  14  0:17  Supply Depot  
  14  0:25  SCV  
  15  0:29  Refinery  
  15  0:39  SCV  
  16  0:44  Barracks  
  16  0:51  SCV  
  16  0:56  Refinery  
  17  1:03  SCV  
  18  1:15  SCV  
  19  1:30  Orbital Command  
  19  1:31  Reaper  
  20  1:35  Factory  
  20  1:45  Supply Depot  
  20  1:56  SCV  
  21  2:03  Reaper  
  21  2:08  SCV  
  23  2:19  Hellion, Starport  
  23  2:20  SCV  
  26  2:24  Supply Depot  
  26  2:32  SCV  
  27  2:43  Hellion  
  27  2:44  SCV, Barracks Tech Lab  
  28  2:56  SCV  
  29  3:05  Banshee, Hellion, Cloaking Field  
  34  3:11  Barracks Reactor  
  34  3:14  Supply Depot  
  36  3:27  Hellion  
  33  3:44  Command Center  
  33  3:49  Viking  
  33  3:54  Factory Tech Lab  
  35  3:59  Marine x2  
  37  4:03  SCV  
  37  4:05  Supply Depot  
  38  4:19  Raven  
  38  4:21  Marine x2  
  42  4:24  Siege Tank  
  42  4:25  SCV  
  45  4:39  Marine x2  
  45  4:41  SCV  
  43  4:53  SCV  
  43  4:59  Marine x2  
  41  5:00  Siege Tank  
  42  5:15  SCV, Orbital Command  
  43  5:27  Barracks x2  
  43  5:28  Starport Reactor  
  43  5:29  SCV  
  43  5:31  Marine  
  43  5:32  Stimpack  
  45  5:41  SCV x2  
  47  5:46  Siege Tank  
  47  5:49  Marine  
  51  5:57  SCV x2  
  53  6:04  Refinery  
  53  6:07  Marine  
  53  6:09  SCV x2  
  56  6:14  Engineering Bay  
  56  6:17  Starport Reactor  
  56  6:18  Marine x2  
  56  6:21  SCV x2  
  56  6:22  Siege Tank  
  56  6:24  Marine  
  64  6:26  Marine  
  64  6:27  Marine  
  66  6:33  SCV x2  
  66  6:34  Supply Depot  
  66  6:45  SCV, Marine x3  
  70  6:48  Terran Infantry Weapons Level 1  
  70  6:50  Supply Depot  
  70  6:55  Marine x2  
  70  6:58  SCV x2  
  74  7:03  Siege Tank  
  77  7:11  SCV x2, Medivac x2, Supply Depot  
  77  7:14  Refinery  
  83  7:24  Marine x3  
  83  7:29  Supply Depot  
  86  7:32  SCV x2, Marine x2  
  86  7:34  Supply Depot  
  90  7:38  Siege Tank  
  90  7:40  Combat Shields  
  91  7:56  SCV x2  
  89  7:59  Marine x5  
  89  8:00  Medivac x2  
  96  8:15  Command Center  
  96  8:19  Marine x5  
  101  8:21  Siege Tank  
  101  8:25  Supply Depot  
  104  8:29  Supply Depot  
  104  8:39  Starport Reactor  
  104  8:40  Barracks  
  104  8:41  Barracks  
  104  8:45  Terran Infantry Armor Level 1  
  104  8:47  Marine x5  
  109  8:56  Siege Tank  
  112  9:06  SCV x2  
  114  9:10  Armory, Engineering Bay  
  114  9:15  Marine x3  
  114  9:16  Marine  
  118  9:20  SCV x2  
  118  9:23  Marine  
  109  9:34  Marine x3  
  109  9:35  Barracks Reactor, Marine x3  
  109  9:38  Siege Tank  
  113  9:40  SCV x2  
  113  9:41  Marine  
  116  9:52  SCV  
  116  9:53  SCV  
  116  9:55  Medivac x2  
  116  9:59  Orbital Command  
  116  10:12  Terran Infantry Weapons Level 2  
  116  10:13  Terran Vehicle Weapons Level 1  
  113  10:16  Marine x7  
  113  10:17  Marine x2  
  114  10:30  SCV, Siege Tank  
  114  10:31  SCV x2  
  114  10:33  Factory  
  114  10:35  Refinery x2  
  120  10:45  Marine x5  
  120  10:46  Marine x3  
  120  10:47  Marine  
  129  10:56  Terran Infantry Armor Level 2  
  129  11:00  Supply Depot x2  
  129  11:14  Marine x9  
  129  11:18  Factory Tech Lab, Siege Tank  
  141  11:22  Medivac  
  141  11:23  Medivac  
  145  11:35  Supply Depot x2  
  145  11:38  Command Center  
  145  11:51  Marine x3  
  145  11:52  Marine x6  
  154  11:56  Siege Tank  
  154  11:57  Siege Tank  
  154  12:01  Supply Depot  
  160  12:03  Supply Depot  
  159  12:11  Medivac x2  
  159  12:12  Terran Vehicle Weapons Level 2  
  159  12:14  Marine x2  
  159  12:15  Marine x7  
  170  12:33  Siege Tank  
  171  12:38  Marine x6  
  171  12:39  Marine x2  
  176  12:48  Viking  
  176  12:49  Viking  
  176  13:00  Marine x2  
  176  13:01  Marine x4  
  171  13:23  Barracks  
  171  13:24  Barracks, Orbital Command  
  171  13:25  Supply Depot  
  171  13:26  Supply Depot x2  
  171  13:27  Barracks  
  171  13:40  Terran Infantry Weapons Level 3  
  164  13:44  Orbital Command  
  164  13:46  Medivac x2, Marine x4  
  168  13:55  Terran Infantry Armor Level 3  
  168  14:08  Command Center  
  168  14:19  Marine x4  
  168  14:21  Barracks Reactor x3  
  172  14:26  Marine x2  
  172  14:28  Siege Tank  
  173  14:37  Factory  
  171  14:40  Medivac x2  
  171  14:43  Terran Vehicle Weapons Level 3  
  171  14:54  Sensor Tower  
  152  15:08  Marine x4  
  152  15:09  Marine x8  
  152  15:13  Siege Tank  
  167  15:18  Medivac x2  
  163  15:32  Command Center  
  134  15:54  Marine x12  
  134  15:55  Siege Tank  
  134  15:56  Factory Tech Lab  
  149  15:59  Orbital Command  
  149  16:02  Medivac x2  
  147  16:21  Marine x2  
  147  16:22  Marine x10  
  159  16:26  Siege Tank  
  159  16:27  Siege Tank  
  138  16:56  Marine x6  
  138  16:57  Marine x6  
  138  16:58  Siege Tank  
  138  16:59  Siege Tank  
  126  17:03  Medivac  
  126  17:04  Medivac  
  118  17:14  Marine x10  
  118  17:15  Marine x2  
  118  17:22  Command Center  
  117  17:26  SCV x3  
  117  17:27  SCV x2  
  122  17:36  Siege Tank x2  
  128  17:44  Marine x2  
  128  17:45  Marine x10  
  138  18:04  Medivac x2  
  142  18:06  Marine x8  
  142  18:07  Marine x4  
  142  18:24  Marine x10  
  142  18:25  Marine x2  
  154  18:32  Hi-Sec Auto Tracking  
  147  18:55  Marine x4  
  147  18:56  Marine x8  
  154  19:07  Siege Tank x2  
  121  19:35  Marine x4  
  121  19:36  Marine x8  
  133  19:52  Command Center  
  133  19:58  SCV x2  
  133  19:59  SCV  
  136  20:02  SCV  
  136  20:04  SCV  
  138  20:13  Planetary Fortress  
  123  20:29  Siege Tank x2  
  123  20:30  Medivac x2  
  118  20:49  Marine x12  
  118  21:07  Siege Tank x2, Marine x6  
  118  21:08  Marine x6  
  118  21:09  Medivac x2  
  140  21:13  Orbital Command  
  140  21:20  Command Center  
  140  21:29  Marine x10  
  140  21:32  Marine x2  
  146  21:52  Siege Tank x2  
  146  21:53  Medivac x2  
Show
View Real Time Build Order
Export as new Build Order

IlIlIlIlIlIl Terran 

Build Orders:  

Get SALT Encoding   

Show
View Real Time Build Order
Export as new Build Order

CMStormPolt Terran 

Build Orders:  

Get SALT Encoding   

Tags
 
Add a new tag
Caveats
  • Supply blocks, unpowered buildings, or Contaminate may cause inaccurate times.
  • Supply counts are checked every 10 seconds.